AoeStats
← Oldspice

Lombardia

510011796Analyzed
3v3 RM · 3d ago on Sep 29, 2026· 60m 55s· 6 players
Game mode
Random Map
Map size
Normal (6 player)
Population
200
Speed
Normal
Resources
Standard
Victory
Conquest
Starting age
Dark Age
Ending age
Imperial Age
RankedLock teamsTeams togetherTeam positionsShared explorationLock speedFull tech treeHidden civsTurbo modeCheats
Victory
Defeat
🇦🇷 Britons · Argentina
1612
+11
🇲🇽 Persians · Mexico
1591
+12
🇲🇽 Varangians · Mexico
1476
+17
🇨🇦 Muisca · Canada
1577
-16
🇺🇸 Gurjaras · United States
1511
-14
🇺🇸 Ethiopians · United States
1412
-10
Oldspice
10:01 Feudal Age
9:33 Loom
10:52 Double-Bit Axe
11:58 Horse Collar
15:31 Scale Barding Armor
18:51 Forging
19:25 Bloodlines
25:33 Castle Age
26:24 Husbandry
26:49 Chain Barding Armor
39:24 Iron Casting
40:21 Wheelbarrow
Dr. Pipe
7:47 Loom
10:48 Feudal Age
14:21 Double-Bit Axe
16:35 Fletching
21:21 Wheelbarrow
22:33 Horse Collar
26:50 Castle Age
26:51 Crossbowman
27:42 Bodkin Arrow
27:48 Padded Archer Armor
28:43 Thumb Ring
32:24 Leather Archer Armor
IVIUSTANG
8:05 Loom
10:44 Feudal Age
11:52 Champi Runner
15:05 Scale Mail Armor
16:53 Forging
18:21 Town Watch
21:05 Horse Collar
25:15 Wheelbarrow
28:10 Castle Age
26:21 Double-Bit Axe
26:28 Gold Mining
28:21 Stone Mining
28:25 Champi Warrior
29:08 Squires
29:14 Padded Archer Armor
29:32 Chain Mail Armor
31:03 Squires
33:33 Iron Casting
37:52 Bow Saw
42:51 Fletching
46:42 Bodkin Arrow
46:50 Padded Archer Armor
52:06 Leather Archer Armor
60:20 Stone Shaft Mining
panzasmagno
7:07 Loom
9:40 Feudal Age
10:23 Double-Bit Axe
10:58 Horse Collar
17:00 Forging
17:28 Scale Barding Armor
19:30 Bloodlines
22:52 Castle Age
24:17 Chain Barding Armor
24:50 Bow Saw
24:42 Heavy Plow
25:43 Husbandry
28:21 Iron Casting
30:12 Wheelbarrow
29:44 Gold Mining
29:52 Light Cavalry
31:37 Hand Cart
33:11 Fletching
36:18 Town Watch
40:58 Imperial Age
38:50 Stone Mining
39:36 Gold Shaft Mining
39:39 Bodkin Arrow
41:48 Plate Barding Armor
40:36 Cavalier
43:18 Blast Furnace
43:44 Savar
44:33 Herbal Medicine
45:47 Stone Shaft Mining
53:16 Town Patrol
59:20 Conscription
59:39 Spies/Treason
DiegoRH7955
6:57 Loom
9:06 Feudal Age
9:39 Double-Bit Axe
22:02 Castle Age
20:15 Horse Collar
21:27 Scale Barding Armor
23:03 Husbandry
23:16 Forging
24:06 Bow Saw
25:42 Bloodlines
28:04 Wheelbarrow
28:19 Chain Barding Armor
30:02 Heavy Plow
32:36 Gold Mining
35:40 Hand Cart
36:31 Iron Casting
37:17 Town Watch
42:59 Imperial Age
40:25 Light Cavalry
41:07 Fletching
41:32 Stone Mining
44:16 Plate Barding Armor
43:10 Cavalier
45:44 Blast Furnace
46:38 Hussar
50:00 Crop Rotation
50:19 Vendel Legacy
51:07 Treadmill Crane
59:38 Spies/Treason
DiegoRasta
6:51 Loom
9:12 Feudal Age
12:29 Fletching
12:47 Double-Bit Axe
14:54 Horse Collar
20:23 Wheelbarrow
23:23 Castle Age
21:54 Gold Mining
22:08 Padded Archer Armor
23:27 Crossbowman
24:03 Bodkin Arrow
25:26 Ballistics
25:55 Bow Saw
27:54 Leather Archer Armor
33:01 Gold Shaft Mining
37:25 Imperial Age
35:43 Stone Mining
37:31 Arbalester
38:11 Bracer
39:14 Chemistry
41:29 Ring Archer Armor
41:17 Capped Ram
43:05 Hand Cart
43:57 Yeomen
45:23 Conscription
47:03 Hoardings
47:13 Warwolf
49:11 Two-Man Saw
48:11 Heavy Plow
49:15 Siege Engineers
50:54 Treadmill Crane
58:00 Elite Longbowman
60:46 Spies/Treason
Connection lost

Rejoining the realm…

Still unreachable

The connection could not be restored.

Session expired

The server has moved on; the page needs a fresh start.